AoeStats
← Crazy_Owl

Four Lakes

510186359Analyzed
1v1 RM · 3d ago on Sep 29, 2026· 27m 7s· 2 players
Game mode
Random Map
Map size
Tiny (2 player)
Population
200
Speed
Normal
Resources
Standard
Victory
Conquest
Starting age
Dark Age
Ending age
Imperial Age
RankedLock teamsTeams togetherTeam positionsShared explorationLock speedFull tech treeHidden civsTurbo modeCheats
Victory
Defeat
🇦🇷 Britons · Argentina
1013
+14
🇳🇱 Goths · Netherlands
970
-14
Crazy_Owl
4:05 Loom
11:27 Feudal Age
12:43 Wheelbarrow
12:09 Double-Bit Axe
18:07 Fishing Lines
21:52 Castle Age
20:27 Fletching
21:45 Padded Archer Armor
22:12 Scale Mail Armor
24:32 Gillnets
24:49 Bodkin Arrow
Jamppe
7:19 Loom
10:43 Feudal Age
11:41 Double-Bit Axe
11:49 Man-at-Arms
18:14 Fletching
21:51 Castle Age
21:11 Padded Archer Armor
22:34 Bodkin Arrow
22:01 Crossbowman
24:19 Gold Mining
25:11 Leather Archer Armor
Connection lost

Rejoining the realm…

Still unreachable

The connection could not be restored.

Session expired

The server has moved on; the page needs a fresh start.